 Dungeon Crawl Stone Soup version 0.25.1-2-g60ff931df9 (webtiles) character file.

Game seed: 16709301458250490806

124 solopath the Chiller (level 5, -10/35 HPs)
             Began as a Barachi Ice Elementalist on Oct 31, 2020.
             Mangled by Edmund
             ... wielding a +3 vorpal dire flail
              (16 damage)
             ... on level 4 of the Dungeon.
             The game lasted 00:08:23 (3568 turns).

solopath the Chiller (Barachi Ice Elementalist)     Turns: 3568, Time: 00:08:24

Health: -10/35     AC:  3    Str: 10    XL:     5   Next: 8%
Magic:  9/9        EV: 12    Int: 16    God:
Gold:   136        SH:  5    Dex: 12    Spells: 1/10 levels left

rFire    . . .     SeeInvis .   d - +1 dagger (speed)
rCold    . . .     Gourm    .   (no shield)
rNeg     . . .     Faith    .   a - +0 robe
rPois    .         Spirit   .   (no helmet)
rElec    .         Reflect  +   (no cloak)
rCorr    .         Harm     .   (no gloves)
MR       .....                  s - +0 pair of boots
Stlth    ++........             l - amulet of reflection
HPRegen  0.11/turn              (no ring)
MPRegen  0.11/turn              (no ring)

@: brilliant, can't hop, slow
A: +LOS, swims, slowness 1, strong legs 1
a: Hop


You were on level 4 of the Dungeon.
You were not hungry.

You visited 1 branch of the dungeon, and saw 4 of its levels.

You collected 136 gold pieces.

Inventory:

Hand Weapons
 b - a +0 dagger
 d - a +1 dagger of speed (weapon)
Armour
 a - a +0 robe (worn)
 s - a +0 pair of boots (worn)
Jewellery
 l - an amulet of reflection (around neck)
Scrolls
 g - 2 scrolls of teleportation {unknown}
 h - a scroll of noise {unknown}
 i - a scroll of fear {unknown}
 k - a scroll of magic mapping {unknown}
 m - 2 scrolls of identify {unknown}
 n - a scroll of amnesia {unknown}
 p - a scroll of random uselessness {unknown}
 t - a scroll of remove curse {unknown}
 u - a scroll of enchant weapon {unknown}
Potions
 e - 2 potions of brilliance
 f - a potion of degeneration {unknown}
 j - a potion of curing
 o - a potion of haste {unknown}
 q - a potion of heal wounds {unknown}
Comestibles
 c - 6 rations


   Skills:
 + Level 0.4 Short Blades
 - Level 2.1 Dodging
 + Level 2.3 Stealth
 + Level 3.1 Spellcasting
 * Level 6.6 Ice Magic


You had one spell level left.
You knew the following spells:

 Your Spells              Type           Power        Failure   Level  Hunger
a - Freeze                Ice            ####         1%          1    None
b - Frozen Ramparts       Ice            #####.       3%          3    None
c - Animate Skeleton      Necr           N/A          19%         1    None
d - Summon Ice Beast      Ice/Summ       ###.....     43%         4    None

Your spell library contained the following spells:

 Spells                   Type           Power        Failure   Level  Hunger
 Apportation              Tloc           #.....       19%         1    None
 Corona                   Hex            #......      19%         1    None
 Summon Small Mammal      Summ           #...         19%         1    None
 Ozocubu's Armour         Chrm/Ice       ###.....     14%         3    None
 Hailstorm                Conj/Ice       ###.....     43%         4    None


Dungeon Overview and Level Annotations

Branches:
Dungeon (4/15)
 Temple: D:4-7

Altars:

Annotations:
D:4 Edmund


Innate Abilities, Weirdness & Mutations

You can be seen from farther away. (+LOS)
You can swim through water.
You cover ground slowly.
You can hop short distances.


Message History

Edmund is almost dead.
Edmund hits you with a +3 vorpal dire flail.
You closely miss Edmund.
Edmund is almost dead.
Edmund hits you with a +3 vorpal dire flail!
* * * LOW HITPOINT WARNING * * *
It was a potion of curing.
You feel better.
Edmund hits you with a +3 vorpal dire flail!
* * * LOW HITPOINT WARNING * * *
x2
Casting: Freeze (safe; 1% risk of failure)
Confirm with . or Enter, or press ? or * to list all spells.
You don't have enough magic to cast that spell.
Okay, then.
Hop to where?
Press: ? - help, Dir - move target cursor, p - Edmund Boing!
Okay, then.
It was a potion of magic.
Magic courses through your body.
Edmund hits you with a +3 vorpal dire flail!
You die...

#### #..## ##...#
### #....#...#
#°..#...# ##......#
####@......#
#..@......##
#...<.....#
#.......##....##
#....... ......#
...........#.....#
..................#
............$......
.).................
...................


You could see Edmund.

Vanquished Creatures
  2 adders (D:3)
  An ooze (D:1)
  4 worms
  A dart slug (D:3)
  4 leopard geckos
  8 orcs (D:3)
  4 giant cockroaches
  9 goblins
  9 hobgoblins
  7 jackals
  4 kobolds
  3 quokkas
  6 bats
  4 frilled lizards (D:1)
  6 rats
72 creatures vanquished.

Notes
Turn   | Place    | Note
-------+----------+-------------------------------------------
     0 | D:1      | solopath the Barachi Ice Elementalist began the quest for
                  | the Orb.
     0 | D:1      | Reached XP level 1. HP: 13/13 MP: 3/3
    23 | D:1      | Reached skill level 5 in Ice Magic
    80 | D:1      | Reached XP level 2. HP: 7/19 MP: 1/5
   785 | D:1      | Reached XP level 3. HP: 24/24 MP: 6/6
   951 | D:1      | Learned a level 3 spell: Frozen Ramparts
  1738 | D:2      | Reached skill level 6 in Ice Magic
  2068 | D:2      | Reached XP level 4. HP: 30/30 MP: 2/7
  2702 | D:3      | Learned a level 1 spell: Animate Skeleton
  3342 | D:3      | Reached XP level 5. HP: 32/35 MP: 5/9
  3541 | D:4      | Noticed Edmund
  3548 | D:4      | Learned a level 4 spell: Summon Ice Beast
  3568 | D:4      | Mangled by Edmund

Illustrated notes

Levels and vault maps discovered:
D:1:      dpeg_arrival_boxes_within_box, layout_loops_ring
D:2:      layout_rooms, grunt_ministairs_12
D:3:      layout_basic
D:4:      layout_cave_pools, marbit_many_paths, first_ration, tgw_xom,
          uniq_edmund, uniq_ijyb, uniq_blork_the_orc

Skill      XL: |  1  2  3  4 |
---------------+-------------+-----
Ice Magic      | 5 6 |  6.6
Stealth        | 2 |  2.3
Spellcasting   | 3 |  3.1
Short Blades   | |  0.4
Dodging        | |  2.1

Action                   |  1- 3 |  4- 6 || total
-------------------------+-------+-------++-------
Melee: Dagger            |    47 |    76 ||   123
 Cast: Freeze            |    60 |    32 ||    92
       Frozen Ramparts   |       |     2 ||     2
 Abil: Hop               |     2 |     1 ||     3
  Use: Potion            |       |     3 ||     3
 Stab: Sleeping          |     7 |       ||     7
  Eat: Chunk             |     5 |     5 ||    10
Armor: Robe              |    10 |    11 ||    21
Dodge: Dodged            |    59 |    40 ||    99
Block: Other             |       |    17 ||    17
       Reflection        |       |     2 ||     2
